AoeStats
← Fat Mike

Nomad

508236962Analyzed
3v3 RM · 11d ago on Sep 21, 2026· 76m 59s· 6 players
Game mode
Random Map
Map size
210×210
Population
200
Speed
Normal
Resources
Standard
Victory
Conquest
Starting age
Dark Age
Ending age
Imperial Age
RankedLock teamsTeams togetherTeam positionsShared explorationLock speedFull tech treeHidden civsTurbo modeCheats
Victory
Defeat
🇩🇪 Koreans · Germany
1156
+15
🇫🇷 Ethiopians · France
1126
+16
🇬🇧 Vietnamese · United Kingdom
1118
+16
🇨🇳 Persians · China
1193
-18
🇧🇷 Franks · Brazil
1104
-15
🇨🇦 Vikings · Canada
1079
-14
Fat Mike
5:47 Loom
15:53 Feudal Age
22:10 Castle Age
25:17 Pikeman
31:45 Medium Warships
33:25 Scale Mail Armor
33:42 Forging
36:21 Chain Mail Armor
46:05 Iron Casting
48:40 Fletching
58:32 Crossbowman
62:42 Wheelbarrow
65:35 Padded Archer Armor
66:50 Bodkin Arrow
68:43 Double-Bit Axe
71:50 Thumb Ring
74:53 Ballistics
77:10 Hand Cart
panzervogel
5:20 Loom
16:27 Feudal Age
17:28 Double-Bit Axe
20:03 Castle Age
19:01 Fletching
19:33 Fishing Lines
20:34 Gold Mining
21:06 Bodkin Arrow
26:27 Gillnets
28:07 Ballistics
27:58 Clinker Construction
27:59 Careening
29:37 Wheelbarrow
29:41 Gold Shaft Mining
28:56 Stone Mining
30:45 Hand Cart
32:59 Stone Shaft Mining
32:53 Pikeman
33:34 Squires
38:15 Imperial Age
35:56 Thumb Ring
35:12 Crossbowman
38:46 Arbalester
40:49 Chemistry
40:11 Carvel Hull
39:57 Siege Engineers
39:55 Caravan
40:09 Bracer
42:02 Bow Saw
41:47 Heavy Rocket Cart
43:20 Murder Holes
43:36 Masonry
44:06 Conscription
43:49 Eupseong
45:14 Two-Man Saw
45:56 Shinkichon
46:53 Halberdier
49:13 Scale Mail Armor
49:23 Forging
51:56 Elite Turtle Ship
53:40 Chain Mail Armor
54:01 Iron Casting
55:26 Arson
62:40 Plate Mail Armor
65:14 Architecture
66:52 Elite Skirmisher
Frodon le Hobbit
6:18 Loom
16:12 Feudal Age
23:15 Castle Age
23:39 Double-Bit Axe
23:55 Town Watch
23:45 Crossbowman
29:04 Fletching
30:28 Scale Mail Armor
34:40 Ballistics
34:31 Bodkin Arrow
39:42 Thumb Ring
45:55 Imperial Age
43:42 Padded Archer Armor
44:02 Chain Mail Armor
46:13 Forging
46:08 Squires
46:17 Arbalester
47:04 Bracer
48:42 Plate Mail Armor
52:50 Chemistry
53:22 Padded Archer Armor
54:24 Leather Archer Armor
56:36 Wheelbarrow
57:24 Gold Mining
57:29 Stone Mining
58:27 Bow Saw
60:26 Leather Archer Armor
63:27 Ring Archer Armor
64:16 Two-Man Saw
65:10 Halberdier
66:21 Horse Collar
72:16 Heavy Plow
Serving LOVE
4:38 Loom
16:32 Feudal Age
17:07 Fishing Lines
17:41 Double-Bit Axe
26:11 Horse Collar
32:14 Castle Age
33:11 Forging
33:01 Scale Mail Armor
33:13 Heavy Plow
33:51 Bow Saw
34:40 Iron Casting
34:03 Gambesons
34:18 Squires
34:03 Arson
35:30 Chain Mail Armor
41:04 Chieftains
43:20 Town Watch
48:40 Imperial Age
64:13 Conscription
63:46 Elite Berserk
Arqueiro Vermelho
3:06 Loom
14:49 Feudal Age
19:22 Castle Age
18:56 Town Watch
31:38 Wheelbarrow
34:37 Husbandry
35:05 Double-Bit Axe
ybsngs
2:52 Loom
13:05 Feudal Age
13:48 Double-Bit Axe
17:07 Bloodlines
18:00 Forging
17:45 Town Watch
22:38 Castle Age
21:46 Scale Barding Armor
21:49 Gold Mining
22:36 Wheelbarrow
21:46 Horse Collar
24:00 Husbandry
24:42 Fletching
25:44 Iron Casting
27:18 Bodkin Arrow
29:28 Chain Barding Armor
36:38 Imperial Age
36:05 Hand Cart
36:23 Cavalier
39:41 Town Patrol
40:52 Conscription
42:32 Plate Barding Armor
43:16 Gold Shaft Mining
42:32 Stone Mining
44:18 Kamandaran
45:56 Citadels
46:12 Crossbowman
46:57 Thumb Ring
46:13 Elite Skirmisher
47:10 Savar
49:34 Chemistry
48:55 Ballistics
49:12 Fervor
48:58 Herbal Medicine
50:19 Blast Furnace
49:20 Padded Archer Armor
51:13 Light Cavalry
52:09 Padded Archer Armor
53:34 Leather Archer Armor
54:03 Hussar
Connection lost

Rejoining the realm…

Still unreachable

The connection could not be restored.

Session expired

The server has moved on; the page needs a fresh start.